Map: Sludge City

Players

gag

  • Race: Zerg Zerg
  • League: Diamond
  • Spawn Location: 5:00

Raiminho

  • Race: Terran Terran
  • League: Gold
  • Spawn Location: 5:00

JohnMcClane - Winner!

  • Race: Protoss Protoss
  • League: Silver
  • Spawn Location: 9:00

Hindulaatti - Winner!

  • Race: Terran Terran
  • Spawn Location: 11:00

VOD

Have the link to the VOD?

Description

Time

  • Played on: Feb. 2, 2016, 6:20 a.m.
  • Length: 18:05
Show
View Real Time Build Order
Export as new Build Order

gag Zerg 

Build Orders: Hatch First, Zergling Baneling 

Get SALT Encoding   

  12  0:01  Drone  
  13  0:12  Overlord  
  13  0:17  Drone  
  14  0:23  Drone, Extractor  
  15  0:30  Drone  
  16  0:35  Drone  
  17  0:47  Drone  
  18  0:58  Hatchery  
  18  1:03  Extractor  
  16  1:13  Spawning Pool  
  16  1:14  Drone  
  16  1:18  Drone  
  17  2:09  Zergling x6  
  17  2:11  Zergling x2  
  21  2:21  Zergling x2  
  21  2:24  Zergling x2  
  22  2:35  Queen  
  23  2:50  Metabolic Boost  
  23  2:51  Queen  
  23  2:56  Drone x2  
  27  3:05  Overlord  
  26  3:17  Drone, Baneling Nest  
  26  3:18  Drone  
  27  3:21  Zergling x2  
  27  3:25  Zergling x4  
  30  3:38  Zergling x2  
  30  3:39  Baneling Nest  
  31  3:44  Overlord  
  31  3:50  Zergling x2  
  31  3:51  Zergling x8  
  36  4:01  Overlord  
  36  4:05  Zergling x2  
  36  4:06  Zergling x6  
  36  4:08  Zergling x2  
  40  4:30  Zergling x4  
  42  4:31  Baneling  
  42  4:32  Baneling x7  
  42  4:33  Baneling x2  
  38  4:44  Baneling x2  
  38  4:45  Zergling x2, Baneling x2  
  36  4:46  Zergling x8  
  36  5:06  Zergling x2  
  36  5:07  Zergling x14  
  41  5:20  Zergling x4  
  37  5:40  Drone x2  
  37  5:42  Drone x2  
  39  5:44  Baneling  
  39  5:45  Baneling x2  
  39  5:56  Drone  
  39  5:57  Drone x2  
  42  6:01  Drone  
  42  6:02  Roach Warren  
  42  6:04  Extractor  
  28  6:36  Lair  
  28  6:43  Roach x7  
  42  6:49  Spore Crawler x3  
  42  6:53  Spore Crawler x2  
  42  6:54  Spore Crawler  
  36  7:00  Drone x4  
  36  7:01  Extractor  
  39  7:02  Drone x2  
  39  7:05  Drone x2  
  39  7:07  Drone  
  44  7:15  Overlord  
  44  7:23  Overlord  
  44  7:26  Extractor  
  43  7:33  Drone  
  43  7:34  Glial Reconstitution  
  44  7:38  Overlord  
  44  7:52  Drone x2  
  44  7:53  Drone  
  47  8:04  Drone  
  47  8:05  Drone x6  
  54  8:08  Drone x2  
  54  8:10  Drone  
  57  8:20  Overlord  
  57  8:21  Overlord  
  57  8:26  Ravager x3  
  60  8:38  Overlord  
  60  8:45  Evolution Chamber  
  60  8:46  Evolution Chamber  
  55  8:59  Hydralisk Den  
  54  9:34  Hydralisk  
  54  9:35  Hydralisk x10  
  54  9:38  Drone  
  77  9:39  Drone  
  77  9:40  Hatchery  
  77  9:53  Muscular Augments  
  77  9:56  Zerg Ground Armor Level 1  
  77  9:57  Zerg Missile Weapons Level 1  
  77  10:09  Overlord  
  77  10:10  Overlord  
  73  10:37  Hydralisk  
  73  10:38  Hydralisk x4  
  73  10:41  Hydralisk x3  
  73  10:42  Hydralisk x2  
  63  11:12  Drone x2, Queen  
  63  11:16  Hydralisk  
  63  11:17  Hydralisk x6  
  77  11:35  Drone x2  
  77  11:36  Spore Crawler  
  77  11:38  Spore Crawler, Overseer  
  77  11:39  Pneumatized Carapace  
  71  12:01  Hydralisk x4  
  56  12:02  Hydralisk  
  62  12:19  Drone x2, Extractor  
  62  12:21  Extractor  
  62  12:22  Zerg Ground Armor Level 2  
  62  12:25  Zerg Missile Weapons Level 2  
  62  12:42  Hydralisk x2  
  62  12:43  Hydralisk x2  
  70  13:04  Roach  
  70  13:05  Roach x6  
  84  13:10  Drone x3  
  87  13:29  Drone  
  87  13:34  Drone  
  89  13:41  Burrow  
  89  13:43  Roach x7  
  89  13:44  Roach  
  102  14:06  Queen  
  104  14:24  Drone x2  
  104  14:27  Overlord x3  
  106  14:35  Hatchery  
  106  14:36  Tunneling Claws  
  106  14:38  Infestation Pit  
  69  15:19  Roach x8  
  69  15:20  Roach x4  
  87  15:45  Hive  
  87  15:59  Roach x15  
  47  16:46  Hydralisk  
  46  16:47  Hydralisk x6  
  50  17:24  Drone x19  
Show
View Real Time Build Order
Export as new Build Order

Raiminho Terran 

Build Orders: Liberator Opening, MMM Bio 

Get SALT Encoding   

  12  0:01  SCV  
  13  0:13  SCV  
  14  0:19  Supply Depot  
  14  0:25  SCV  
  15  0:31  Refinery  
  15  0:41  SCV  
  16  0:46  Barracks  
  16  0:53  SCV  
  17  1:05  SCV  
  17  1:11  Supply Depot  
  18  1:17  SCV  
  19  1:29  SCV  
  20  1:35  Marine  
  20  1:36  Factory  
  21  1:41  SCV  
  22  1:54  Orbital Command  
  22  2:20  SCV  
  22  2:21  Factory Tech Lab  
  22  2:22  Marine  
  22  2:25  Command Center  
  23  2:40  Siege Tank  
  26  2:51  SCV  
  26  2:53  Refinery  
  26  2:58  Barracks  
  27  3:12  Starport  
  27  3:17  SCV  
  28  3:31  SCV  
  29  3:35  Liberator  
  29  3:37  Orbital Command  
  29  3:40  Refinery  
  29  3:43  SCV  
  30  3:48  Barracks Tech Lab  
  30  3:49  Barracks  
  30  3:54  Barracks Reactor  
  32  4:13  Engineering Bay  
  32  4:15  SCV x2  
  34  4:28  SCV x2  
  34  4:29  Engineering Bay  
  34  4:31  Marauder  
  38  4:32  Siege Tank  
  38  4:34  Marine x2  
  43  4:48  Barracks Reactor  
  43  5:14  Marine x2  
  45  5:27  Marine  
  46  5:34  Marine  
  46  5:35  Marauder  
  46  5:42  Starport Reactor  
  46  5:48  Supply Depot  
  46  5:54  Marine x3, Siege Tank  
  52  5:58  Command Center  
  51  6:15  Marine x3  
  51  6:16  Marauder, Marine  
  52  6:33  Marine x2, SCV x2  
  52  6:35  Stimpack  
  56  6:42  Terran Infantry Weapons Level 1  
  56  6:45  Liberator, Barracks  
  54  6:47  Barracks  
  54  7:02  Medivac  
  54  7:04  SCV x2  
  61  7:13  Refinery  
  61  7:14  Orbital Command  
  61  7:22  Marine x2  
  61  7:23  Marauder, Marine x2  
  61  7:24  Siege Tank  
  61  7:25  SCV x2  
  63  7:47  Missile Turret  
  63  7:51  Missile Turret  
  63  7:55  Missile Turret  
  60  7:59  Barracks Reactor  
  60  8:00  Barracks Tech Lab  
  57  8:06  Missile Turret  
  57  8:07  Orbital Command, Missile Turret  
  57  8:08  Missile Turret  
  52  8:22  Orbital Command  
  52  8:23  Missile Turret  
  52  8:24  Marine x5  
  52  8:25  Medivac, Marauder, Widow Mine  
  52  8:26  Medivac  
  63  9:01  Marine x2  
  63  9:02  Marine x4  
  71  9:03  Marauder, Siege Tank  
  71  9:04  Medivac  
  76  9:12  Missile Turret  
  76  9:15  Marine  
  77  9:25  Supply Depot  
  77  9:26  Supply Depot  
  77  9:27  Combat Shields, Supply Depot, Marine x3, SCV x3, Medivac  
  77  9:29  Concussive Shells  
  85  9:56  Terran Infantry Armor Level 1  
  85  10:01  Marine x6  
  85  10:02  Marauder x2, Widow Mine  
  85  10:03  Medivac x2  
  101  10:08  Engineering Bay  
  82  10:31  Marine x4  
  82  10:32  Marauder x2, Widow Mine, Marine x2  
  94  10:38  SCV x3  
  97  10:49  Marine x5  
  101  10:54  Marauder x2  
  77  11:12  Marine x3  
  77  11:13  Marine x3  
  77  11:15  Medivac x2, Marauder, Marine  
  77  11:16  Siege Tank  
  91  11:23  Refinery x2  
  79  11:30  Marine x4, SCV x2  
  79  11:31  Marine x2  
  84  11:33  Marauder  
  84  11:36  Marauder  
  84  11:38  Factory  
  88  11:41  Starport  
  88  11:49  Armory  
  88  11:51  Hi-Sec Auto Tracking  
  86  11:54  Marauder  
  66  12:17  SCV x2  
  66  12:18  SCV  
  66  12:19  Marine x5  
  66  12:20  Marauder, Marine x2  
  78  12:25  Starport Tech Lab  
  78  12:29  SCV  
  80  12:30  Fusion Core, SCV  
  80  12:42  Marine  
  80  12:43  Marine x6  
  89  12:44  Marauder  
  89  12:45  Factory Reactor  
  89  12:47  Drilling Claws  
  89  12:49  Command Center  
  89  12:52  Liberator, SCV x3  
  89  12:53  Liberator  
  89  12:54  Liberator  
  92  13:12  Widow Mine  
  103  13:16  Marine x2  
  105  13:21  Supply Depot x2  
  105  13:27  SCV  
  105  13:28  SCV x2  
  108  13:35  Liberator x2  
  108  13:36  Liberator  
  108  13:47  Supply Depot  
  108  13:48  Widow Mine x2  
  108  13:49  Supply Depot  
  120  14:21  Orbital Command  
  120  14:22  Marine x4  
  120  14:23  Marauder, Marine x3  
  120  14:24  Widow Mine  
  129  14:31  Advanced Ballistics  
  131  14:39  SCV  
  131  14:40  Marine  
  131  14:41  Marauder  
  131  14:45  Marauder  
  126  15:17  Liberator x3  
  107  15:29  SCV x4  
  107  15:31  Marine x7  
  107  15:32  Marauder, Widow Mine x3  
  135  15:41  SCV  
  136  15:48  Marine  
  139  15:50  Marauder  
  139  15:53  Marauder  
  141  16:11  Liberator  
  141  16:17  Medivac  
  143  16:22  Marine x6  
  143  16:23  Marauder, Marine  
  152  16:27  Widow Mine x2  
  152  16:28  Orbital Command, Widow Mine  
  146  16:39  Marine  
  135  16:40  Marine x3  
  135  16:41  Marauder  
  135  16:42  Orbital Command  
  135  16:44  Marauder  
  121  16:57  Marine x4  
  121  16:58  Marine x2  
  110  17:02  Marauder  
  110  17:06  Marauder  
  103  17:15  Marine x5  
  91  17:24  Marauder  
  91  17:27  Marauder  
Show
View Real Time Build Order
Export as new Build Order

JohnMcClane Protoss - Winner!

Build Orders: Cannon Rush 

Get SALT Encoding   

  12  0:01  Probe (Chrono Boost)  
  13  0:11  Probe (Chrono Boost)  
  14  0:17  Pylon  
  14  0:23  Probe (Chrono Boost)  
  15  0:37  Forge  
  15  0:39  Probe (Chrono Boost)  
  17  0:50  Probe (Chrono Boost)  
  17  1:00  Probe (Chrono Boost)  
  18  1:10  Pylon  
  18  1:11  Probe (Chrono Boost)  
  19  1:30  Photon Cannon  
  19  1:32  Photon Cannon  
  19  1:34  Photon Cannon  
  18  1:49  Pylon  
  18  1:55  Pylon  
  18  2:00  Pylon  
  18  2:05  Probe (Chrono Boost)  
  18  2:08  Gateway  
  19  2:15  Probe (Chrono Boost)  
  19  2:29  Probe (Chrono Boost)  
  20  2:30  Nexus  
  20  2:43  Assimilator  
  20  2:49  Pylon  
  20  2:51  Pylon  
  20  2:53  Photon Cannon  
  20  3:02  Cybernetics Core  
  20  3:09  Probe (Chrono Boost)  
  21  3:18  Photon Cannon  
  21  3:24  Probe (Chrono Boost)  
  22  3:28  Photon Cannon  
  22  3:40  Warp Gate (Chrono Boost)  
  22  3:48  Pylon  
  22  3:52  Assimilator  
  22  3:57  Assimilator  
  22  4:00  Assimilator  
  23  4:03  Probe (Chrono Boost)  
  23  4:05  Mothership Core (Chrono Boost)  
  25  4:10  Photon Cannon  
  25  4:34  Pylon  
  25  4:38  Gateway  
  25  4:42  Probe  
  26  4:47  Pylon  
  26  4:54  Stargate  
  26  4:56  Stargate  
  26  5:09  Photon Cannon  
  26  5:20  Pylon  
  26  5:39  Phoenix  
  26  5:40  Probe  
  26  5:41  Phoenix  
  31  5:46  Probe  
  32  5:59  Probe  
  32  6:02  Probe  
  34  6:21  Protoss Ground Weapons Level 1 (Chrono Boost)  
  34  6:28  Probe  
  34  6:30  Phoenix (Chrono Boost)  
  39  6:33  Phoenix (Chrono Boost)  
  39  6:42  Pylon  
  39  6:51  Stalker x2  
  39  6:53  Phoenix (Chrono Boost)  
  45  6:59  Phoenix (Chrono Boost)  
  47  7:06  Probe x2  
  49  7:19  Probe  
  50  7:23  Gateway  
  50  7:25  Gateway  
  50  7:28  Pylon  
  50  7:44  Phoenix (Chrono Boost)  
  50  7:48  Phoenix (Chrono Boost)  
  54  8:01  Probe x2  
  56  8:13  Probe x2  
  56  8:18  Nexus  
  58  8:22  Pylon  
  58  8:24  Pylon  
  58  8:25  Probe x2  
  58  8:26  Phoenix (Chrono Boost)  
  60  8:52  Phoenix (Chrono Boost)  
  60  8:54  Photon Cannon  
  60  8:55  Phoenix (Chrono Boost), Gateway  
  62  8:57  Gateway  
  62  9:02  Pylon  
  64  9:17  Phoenix (Chrono Boost)  
  64  9:18  Protoss Ground Armor Level 1  
  64  9:20  Phoenix (Chrono Boost)  
  64  9:23  Twilight Council  
  64  9:25  Pylon  
  64  9:33  Robotics Facility  
  64  9:45  Probe  
  64  9:46  Probe  
  64  9:47  Probe  
  67  9:56  Void Ray (Chrono Boost)  
  75  10:00  Pylon  
  75  10:01  Void Ray (Chrono Boost)  
  75  10:10  Probe  
  75  10:13  Assimilator  
  76  10:16  Assimilator  
  76  10:19  Photon Cannon  
  72  10:30  Stalker x3, Zealot  
  72  10:31  Zealot x2  
  86  10:42  Pylon  
  86  10:43  Mothership Core  
  78  11:10  Probe  
  78  11:11  Probe x2  
  79  11:20  Probe  
  79  11:23  Probe x2  
  80  11:31  Protoss Ground Weapons Level 2 (Chrono Boost), Warp Prism (Chrono Boost)  
  74  11:33  Zealot x5  
  86  11:42  Templar Archives  
  52  12:26  High Templar x2  
  52  12:27  High Templar x3, Psionic Storm, Nexus  
  62  12:30  Pylon  
  62  12:31  Pylon  
  62  12:32  Archon x2  
  62  12:33  High Templar  
  62  12:34  Assimilator  
  62  12:36  Charge (Chrono Boost)  
  64  12:45  Forge  
  64  12:48  Observer  
  65  12:54  Photon Cannon  
  65  12:56  Mothership Core  
  65  12:57  Gateway  
  65  12:58  Gateway  
  67  13:09  High Templar x3  
  67  13:10  High Templar  
  67  13:11  Zealot x2  
  79  13:18  Protoss Ground Armor Level 2 (Chrono Boost)  
  79  13:24  Pylon  
  79  13:26  Assimilator  
  79  13:32  Zealot x2  
  83  13:50  Zealot x2  
  83  13:51  Zealot  
  83  13:53  Probe x2  
  81  14:05  Zealot x3  
  87  14:16  High Templar x2, Zealot  
  85  14:45  Zealot x6, Protoss Ground Weapons Level 3 (Chrono Boost)  
  97  14:59  Observer  
  98  15:02  Stalker x2  
  102  15:13  Dark Shrine  
  102  15:21  Zealot x5  
  106  15:22  Protoss Ground Armor Level 3 (Chrono Boost)  
  106  15:25  Gateway x2  
  106  15:27  Gateway  
  112  16:00  High Templar x4  
  112  16:01  Zealot x4  
  112  16:04  Archon  
  128  16:05  Archon  
  124  16:35  Observer  
  103  16:57  Observer  
  98  17:28  High Templar x6  
  98  17:29  Zealot x2  
Show
View Real Time Build Order
Export as new Build Order

Hindulaatti Terran - Winner!

Build Orders: MMM Bio 

Get SALT Encoding   

  12  0:01  SCV  
  13  0:13  SCV  
  14  0:19  Supply Depot  
  14  0:27  SCV  
  15  0:41  SCV  
  16  0:50  Barracks  
  16  0:53  SCV  
  17  1:01  Refinery  
  17  1:05  SCV  
  18  1:17  SCV  
  19  1:29  SCV  
  20  1:43  Orbital Command  
  20  1:44  Command Center  
  20  1:49  Reaper  
  21  1:55  Supply Depot  
  21  2:09  SCV  
  21  2:13  Barracks  
  22  2:23  Reaper  
  22  2:25  SCV  
  22  2:27  Refinery  
  24  2:33  Barracks  
  24  2:47  SCV  
  25  2:56  Reaper  
  26  3:00  Orbital Command  
  26  3:01  Reaper  
  27  3:13  SCV  
  28  3:20  Barracks  
  28  3:22  Factory  
  28  3:28  Reaper  
  28  3:29  Supply Depot, SCV  
  28  3:31  SCV  
  31  3:47  SCV  
  31  3:48  SCV  
  33  4:02  Barracks Reactor  
  33  4:03  Barracks Tech Lab, Barracks Reactor  
  33  4:07  Supply Depot  
  33  4:08  Starport  
  33  4:11  SCV x2  
  33  4:14  Refinery  
  33  4:15  Refinery  
  36  4:19  Factory Reactor, Barracks Reactor  
  30  4:30  SCV x2  
  32  4:33  Supply Depot  
  32  4:38  Stimpack  
  32  4:41  Marine x4  
  32  4:42  Marine  
  32  4:45  SCV x2  
  39  4:51  Barracks  
  39  4:55  Supply Depot  
  39  4:57  SCV x2  
  39  4:59  Marine  
  42  5:04  Marine x6  
  43  5:17  Marine  
  43  5:21  Widow Mine  
  44  5:22  Marine x6  
  52  5:33  SCV x2  
  52  5:34  Marine  
  55  5:36  Medivac, Viking  
  55  5:37  Supply Depot  
  55  5:39  Marine x2  
  55  5:40  Marine  
  62  5:44  Barracks Reactor  
  62  5:46  SCV  
  62  5:49  Widow Mine  
  65  6:01  Marine x5  
  70  6:06  Medivac x2  
  70  6:09  Marine x2  
  74  6:18  Marine  
  74  6:19  Marine x2  
  61  6:31  Marine  
  61  6:32  Marine x5  
  66  6:33  Supply Depot  
  66  6:36  Marine  
  66  6:37  Marine x2  
  66  6:38  Combat Shields, Widow Mine  
  71  6:44  Medivac x2  
  75  6:49  Marine  
  75  6:50  Supply Depot, SCV x2  
  75  6:52  Marine x5  
  83  7:02  SCV x2  
  85  7:08  Marine  
  85  7:12  Command Center  
  86  7:17  Supply Depot  
  86  7:35  Marine x3  
  86  7:36  Marine x5  
  95  7:39  Marauder, Widow Mine  
  98  7:46  Supply Depot  
  98  7:53  Marine x5  
  98  7:57  SCV x2  
  100  8:19  Widow Mine  
  99  8:20  Marauder, Marine x5  
  99  8:21  Marine x3  
  99  8:24  SCV x2  
  99  8:25  Orbital Command, Engineering Bay  
  99  8:27  Engineering Bay  
  111  8:33  Starport  
  111  8:37  Marine  
  111  8:38  Marine x2  
  111  8:39  Armory  
  114  8:41  Marauder  
  114  8:47  Widow Mine  
  118  8:49  SCV  
  118  8:50  SCV  
  120  8:57  SCV  
  120  9:01  SCV  
  120  9:02  SCV  
  123  9:05  Marine x2  
  123  9:06  Marauder, Marine x5  
  123  9:07  Medivac x2  
  123  9:09  SCV  
  137  9:11  Starport Tech Lab  
  137  9:14  SCV x2  
  137  9:15  Refinery x2  
  137  9:16  Widow Mine  
  141  9:18  Terran Infantry Armor Level 1, Terran Infantry Weapons Level 1  
  141  9:36  Liberator x2  
  141  9:41  Supply Depot  
  141  9:42  Supply Depot x2  
  141  9:53  Marine x7, SCV  
  141  9:54  Marauder  
  157  10:03  Raven, Marine, SCV  
  161  10:11  Marine  
  162  10:15  Marauder  
  97  10:25  Marine  
  97  10:26  Widow Mine, Marine x6  
  96  10:29  Marine  
  97  10:36  Medivac, Marauder  
  97  10:37  Medivac, Command Center  
  103  10:43  Marine x2  
  103  10:47  Marine x6  
  111  10:54  Widow Mine  
  104  10:58  Marauder  
  104  11:01  Marine x2  
  103  11:04  Marine  
  103  11:05  Marine x4  
  103  11:08  Marine  
  109  11:14  Raven  
  109  11:17  Terran Infantry Weapons Level 2, SCV x2, Terran Infantry Armor Level 2  
  113  11:19  Liberator, Marauder, Marine x2  
  113  11:22  Marine x2  
  113  11:23  Marine x2  
  121  11:27  High Capacity Fuel Tanks  
  121  11:29  Fusion Core  
  121  11:36  Medivac  
  121  11:38  Marine x3  
  129  11:40  Marauder  
  129  11:46  Marine  
  132  11:47  Marine x3  
  124  12:02  Marauder  
  112  12:11  Marine  
  112  12:12  Marine x7  
  112  12:13  Widow Mine  
  118  12:20  Orbital Command  
  118  12:23  Marauder  
  118  12:29  Marine x2  
  122  12:42  Widow Mine  
  124  12:45  Liberator x2, Marauder  
  126  12:52  Raven  
  126  12:53  Orbital Command  
  128  13:03  Marine x5  
  128  13:04  Marine x3  
  142  13:06  Marauder  
  144  13:21  Marine x2  
  144  13:24  SCV  
  144  13:25  SCV x2  
  149  13:27  Marauder  
  149  13:31  Barracks  
  149  13:32  Barracks  
  151  13:38  Refinery x2  
  151  13:58  Marauder, Marine x2  
  151  13:59  Marine x6  
  161  14:20  Terran Infantry Weapons Level 3, Terran Infantry Armor Level 3  
  161  14:23  Barracks Tech Lab x2  
  161  14:25  Terran Vehicle And Ship Armor Level 1  
  161  14:41  Marine  
  161  14:42  Marauder, Marine x8  
  174  14:48  Marauder  
  174  14:59  Marine  
  175  15:00  Marine x8  
  175  15:04  Liberator x2  
  119  15:21  Medivac  
  119  15:24  Marine x7  
  119  15:25  Marine x4  
  135  15:42  Marine  
  135  15:47  Liberator x2  
  135  15:51  Medivac  
  135  15:54  Concussive Shells  
  135  15:56  Advanced Ballistics  
  137  15:57  Command Center  
  137  16:07  Command Center  
  141  16:21  Medivac  
  143  16:30  Liberator  
  141  16:47  Medivac  
  141  16:50  Widow Mine  
  141  16:51  Medivac  
  150  16:59  SCV x4  
  154  17:04  Liberator  
  154  17:11  SCV x2  
  154  17:17  Medivac  
  154  17:18  Widow Mine  
  161  17:30  Medivac  
Tags
 
Add a new tag
Caveats
  • Supply blocks, unpowered buildings, or Contaminate may cause inaccurate times.
  • Supply counts are checked every 10 seconds.